 Dungeon Crawl Stone Soup version 0.30.1-11-g7821555f0a (webtiles) character file.

Game seed: 14898964340771227815

702 Ivernyr the Shield-Bearer (level 7, -30/56 HPs)
             Began as a Formicid Fighter on Dec 6, 2023.
             Annihilated by an ogre
             ... wielding a +0 giant spiked club
              (32 damage)
             ... on level 5 of the Dungeon.
             The game lasted 00:08:02 (4018 turns).

Ivernyr the Shield-Bearer (Formicid Fighter)        Turns: 4018, Time: 00:08:02

Health: -30/56     AC:  7    Str: 22    XL:     7   Next: 98%
Magic:  7/7        EV:  9    Int:  8    God:
Gold:   160        SH:  5    Dex: 13    Spells: 6/6 levels left

rFire   . . .        a - +2 quarterstaff (chaos)
rCold   . . .        c - +0 buckler
rNeg    . . .        b - +0 scale mail
rPois   .            (helmet unavailable)
rElec   .            (no cloak)
rCorr   .            (no gloves)
SInv    +            (no boots)
Will    .....        (no amulet) Stlth
                     (no ring)
HPRegen 0.29/turn    (no ring)
MPRegen 0.10/turn

%: no passive effects
@: no status effects
A: permanent stasis, dig shafts and tunnels, antennae 3, four strong arms
a: Dig, Shaft Self


You were on level 5 of the Dungeon.
You visited 1 branch of the dungeon, and saw 5 of its levels.

You collected 160 gold pieces.

Inventory:

Hand Weapons
 a - a +2 quarterstaff of chaos (weapon)
Armour
 b - a +0 scale mail (worn)
 c - a +0 buckler (worn)
Jewellery
 j - a ring of flight
Scrolls
 e - 9 scrolls of identify {unknown}
 g - a scroll of immolation {unknown}
 i - a scroll of teleportation {unknown}
 l - a scroll of blinking {unknown}
 m - 2 scrolls of poison {unknown}
 p - 3 scrolls of enchant armour {unknown}
 r - a scroll of torment {unknown}
Potions
 d - a potion of flight {unknown}
 f - 2 potions of attraction {unknown}
 h - a potion of haste {unknown}
 k - a potion of invisibility {unknown}
 n - 4 potions of heal wounds {unknown}
 o - 2 potions of berserk rage {unknown}
 q - 3 potions of degeneration {unknown}


   Skills:
 + Level 5.1 Fighting
 * Level 5.5 Staves
 + Level 5.1 Armour
 + Level 6.2 Shields


You had 6 spell levels left.
You didn't know any spells.
Your spell library contained the following spells:

 Spells                   Type           Power      Damage    Failure   Level
 Ensorcelled Hibernation  Hex/Ice        0%         N/A       89%         2
 Ozocubu's Armour         Ice            0%         N/A       98%         3
 Spider Form              Tmut/Pois      0%         N/A       98%         3
 Tukima's Dance           Hex            0%         N/A       98%         3
 Anguish                  Hex/Necr       0%         N/A       100%        4
 Passage of Golubria      Tloc           0%         N/A       100%        4
 Summon Lightning Spire   Summ/Air       0%         N/A       100%        4
 Metabolic Englaciation   Hex/Ice        0%         N/A       100%        5
 Yara's Violent Unravell  Hex/Tmut       0%         3d3       100%        5
 Simulacrum               Ice/Necr       0%         N/A       100%        6
 Statue Form              Tmut/Erth      0%         N/A       100%        6
 Storm Form               Tmut/Air       0%         N/A       100%        7


Dungeon Overview and Level Annotations

Branches:
Dungeon (5/15)
 Temple: D:4-7

Altars:


Innate Abilities, Weirdness & Mutations

You cannot be hasted, slowed, berserked, paralysed or teleported.
You can dig through walls and to a lower floor.
You have a pair of large antennae on your head. (SInv)
Your four strong arms can wield two-handed weapons with a shield.


Message History

You block the adder's attack.
You closely miss the adder.
The adder is severely wounded.
You feel sick.
You are no longer poisoned.
You block the adder's attack.
You sock the adder!
You kill the adder!
You barely miss the ogre.
The ogre hits you with a +0 giant spiked club!
* * * LOW HITPOINT WARNING * * *
You hit the ogre. You burn the ogre.
The ogre is lightly wounded.
The ogre attacks as you move away! The ogre closely misses you.
The ogre attacks as you move away!
The ogre hits you with a +0 giant spiked club.
* * * LOW HITPOINT WARNING * * *
Found a fizzy red potion.
There is a stone staircase leading up here.
You climb upwards.
There is a stone staircase leading down here.
You start resting.
HP restored.
You climb downwards.
The ogre closely misses you.
There is a stone staircase leading up here.
You hit the ogre but do no damage. The ogre barely misses you.
You completely miss the ogre.
The ogre hits you with a +0 giant spiked club!!
Ouch! That really hurt!
You sock the ogre!
The ogre resists with some effort.
The ogre is heavily wounded.
You sock the ogre!
The ogre is severely wounded.
The ogre hits you with a +0 giant spiked club!!
* * * LOW HITPOINT WARNING * * *
You hit the ogre.
The ogre is poisoned.
The ogre is almost dead.
The ogre hits you with a +0 giant spiked club!!
Ouch! That really hurt!
You die...

##.[###########
#....<.........
#...##.#.######
#...##.#.#
#...##.#S.
#####...##.####
........##.#
#####...##O#
#..###@#
#......#
#.###### #. #.
#. !. .#


You could see an ogre (very poisoned).

Vanquished Creatures
  Grinder (D:3)
  An ogre (D:4)
  Crazy Yiuf (D:3)
  Jessica (D:3)
  A sleepcap (D:4)
  2 iguanas (D:4)
  13 gnolls
  7 adders
  5 worms
  5 dart slugs
  An orc (D:3)
  9 ball pythons
  7 endoplasms
  2 giant cockroaches
  9 goblins
  3 hobgoblins
  5 jackals (D:1)
  5 quokkas
  6 bats
  4 frilled lizards
  3 kobolds
  7 rats
98 creatures vanquished.

Notes
Turn   | Place    | Note
-------+----------+-------------------------------------------
     0 | D:1      | Ivernyr the Formicid Fighter began the quest for the Orb.
     0 | D:1      | Reached XP level 1. HP: 18/18 MP: 1/1
    63 | D:1      | Reached XP level 2. HP: 22/24 MP: 2/2
   113 | D:1      | Found a faded altar of an unknown god.
   446 | D:1      | Reached XP level 3. HP: 29/29 MP: 3/3
  1036 | D:2      | Reached XP level 4. HP: 12/37 MP: 4/4
  1928 | D:3      | Reached XP level 5. HP: 26/42 MP: 5/5
  2098 | D:3      | Got the Grimoire of the Voltaic Shapeshifter
  2213 | D:3      | Reached skill level 5 in Shields
  2341 | D:3      | Noticed Grinder
  2367 | D:3      | Killed Grinder
  2368 | D:3      | Reached XP level 6. HP: 38/49 MP: 6/6
  2466 | D:3      | Reached XP level 7. HP: 52/55 MP: 7/7
  2665 | D:3      | Found a runed translucent door.
  2666 | D:3      | Noticed Crazy Yiuf
  2675 | D:3      | Killed Crazy Yiuf
  2798 | D:3      | Noticed Jessica
  2803 | D:3      | Killed Jessica
  3011 | D:4      | Identified the +1 long sword of Sharkskin {freeze, rPois
                  | Str+5}
  3089 | D:4      | Reached skill level 5 in Staves
  3548 | D:4      | Reached skill level 5 in Fighting
  3593 | D:4      | Reached skill level 5 in Armour
  3593 | D:4      | Reached skill level 6 in Shields
  3848 | D:5      | Entered Level 5 of the Dungeon
  4017 | D:5      | HP: 2/56 [ogre/+0 giant spiked club (24)]
  4018 | D:5      | Annihilated by an ogre

Illustrated notes

Levels and vault maps discovered:
D:1:      onia_arrival_mini_maze_b, layout_basic, ebering_ecumenical_altar_mist
D:2:      layout_basic
D:3:      layout_loops_ring, minmay_stone_trees_small, uniq_jessica,
          uniq_crazy_yiuf_cottage, uniq_grinder
D:4:      layout_loops_corners
D:5:      layout_loops_ring, uniq_sigmund, uniq_ijyb, uniq_edmund, uniq_duvessa

Skill      XL: |  1  2  3  4  5  6  7 |
---------------+----------------------+-----
Staves         | 3 4 5 |  5.5
Fighting       | 4 5 |  5.1
Armour         | 4 5 |  5.1
Shields        | 5 6 |  6.2

Action                     |  1- 3 |  4- 6 |  7- 9 || total
---------------------------+-------+-------+-------++-------
  Melee: Quarterstaff      |    99 |   136 |    82 ||   317
    Use: Potion            |       |       |     1 ||     1
 Armour: Scale mail        |    39 |    56 |    18 ||   113
  Dodge: Dodged            |    35 |    59 |    23 ||   117
  Block: Buckler           |    20 |    30 |    19 ||    69
